 Dungeon Sprint DCSS version 0.32-a0-656-g3542139ebd (webtiles) character file.

Game seed: 703191063193650131

1962630 Prakerore the Ex Machina (level 21, 204/204 HPs)
             Began as a Coglin Berserker on Mar 8, 2024.
             Was the Champion of Trog.
             Escaped with the Orb
             ... and 2 runes!
             The game lasted 01:14:44 (17925 turns).

Prakerore the Ex Machina (Coglin Berserker)        Turns: 17925, Time: 01:14:44

Health: 204/204    AC: 31    Str: 32    XL:     21   Next: 24%
Magic:  21/21      EV: 28    Int:  6    God:    Trog [******]
Gold:   249        SH:  0    Dex: 19    Spells: 20/20 levels left

rFire   + + +        o - +7 demon whip "Quockurgh" {drain, rN+ rCorr Dex+2}
rCold   + + .        u - +7 broad axe of Moral Flaws {venom, rC+++ Will+ Int-2}
rNeg    + . .        T - +7 fire dragon scales of the Elven Halls {Rampage rF++ rC- Str+3}
rPois   +            (helmet restricted)
rElec   +            C - +0 cloak {rPois}
rCorr   +            x - +0 pair of gloves {Str+3}
SInv    .            v - +0 pair of boots {Stlth+}
Will    +++..        (amulet unavailable)
Stlth   ++           (ring unavailable)
HPRegen 0.54/turn    (ring unavailable)
MPRegen 0.17/turn    Z - reticulated ramjet {Rampage Acrobat rElec rF+}

%: no teleportation, acrobat, rampage
@: hasted, very quick
A: off-hand wielding, slow wielding, warmup strikes, no jewellery, antennae 1,
thin skeletal structure 1, strong-willed 1
0: Orb of Zot
}: 2/3 runes: silver, golden
a: Renounce Religion, Berserk, Trog's Hand, Brothers in Arms


You escaped.
You worshipped Trog.
Trog was exalted by your worship.
You visited 1 branch You collected 249 gold pieces.

Inventory:

Hand Weapons
 c - a +0 dagger {Marisol}
 j - a +2 hand axe {Bonhwa}
 o - the +7 demon whip "Quockurgh" (weapon) {drain, rN+ rCorr Dex+2}
   (You found it in the Dungeon)

   Dex+2:     It affects your dexterity (+2).
   rN+:       It protects you from negative energy.
   rCorr:     It protects you from acid and corrosion.
 p - a +2 hand axe of freezing {Mariya}
 s - a +4 war axe {Milos}
 u - the +7 broad axe of Moral Flaws (offhand) {venom, rC+++ Will+ Int-2}
   (You took it off a merfolk in the Dungeon)

   Int-2:     It affects your intelligence (-2).
   rC+++:     It renders you almost immune to cold.
   Will+:     It increases your willpower.
Missiles
 a - 6 silver javelins (quivered)
 b - 15 boomerangs
 l - a curare-tipped dart
 L - 3 javelins
Armour
 n - a +0 cloak
 v - a +0 pair of boots of stealth (worn)
 x - a +0 pair of gloves of strength (worn)
 C - a +0 cloak of poison resistance (worn)
 S - a scarf of shadows
 T - the +7 fire dragon scales of the Elven Halls (worn) {Rampage rF++ rC- Str+3}
   (You found it in the Dungeon)

   Str+3:     It affects your strength (+3).
   rF++:      It greatly protects you from fire.
   rC-:       It makes you vulnerable to cold.
   Rampage:   It bestows one free step when moving towards enemies.
 U - the +2 helmet of Weak Curiosity {Rampage rElec rC+}
   (You found it in the Dungeon)

   rC+:       It protects you from cold.
   rElec:     It insulates you from electricity.
   Rampage:   It bestows one free step when moving towards enemies.
 Y - +0 swamp dragon scales
Gizmo
 Z - a reticulated ramjet (installed) {Rampage Acrobat rElec rF+}
   (You invented it yourself in the Dungeon)

   [reticulated ramjet]

   rF+:       It protects you from fire.
   rElec:     It insulates you from electricity.
   Rampage:   It bestows one free step when moving towards enemies.
   Acrobat:   It increases your evasion after moving or waiting.
Talismans
 E - the serpent talisman of the Moon {Int+4 Stlth+}
   (You took it off Aizul in the Dungeon)

   [serpent talisman]

   Int+4:     It affects your intelligence (+4).
   Stlth+:    It makes you more stealthy.
Wands
 q - a wand of quicksilver (7)
 r - a wand of flame (43)
 D - a wand of roots (5)
 M - a wand of mindburst (6)
 V - a wand of paralysis (13)
 W - a wand of polymorph (8)
Scrolls
 i - a scroll of blinking
 m - 2 scrolls of vulnerability
 t - 3 scrolls of immolation
 B - a scroll of poison
 F - 5 scrolls of enchant armour
 G - 4 scrolls of fear
 I - 9 scrolls of identify
 O - a scroll of torment
Potions
 d - 11 potions of curing
 e - 19 potions of heal wounds
 f - 9 potions of haste
 g - 10 potions of magic
 h - 7 potions of berserk rage
 k - a potion of resistance
 z - 9 potions of mutation
 A - a potion of lignification
 H - 2 potions of might
 J - a potion of invisibility
 K - 3 potions of enlightenment
 X - a potion of attraction
Miscellaneous
 w - a condenser vane
 y - a phial of floods
 N - a phantom mirror
 P - a box of beasts
 Q - a lightning rod (4/4)
 R - the horn of Geryon


   Skills:
 O Level 27 Fighting
 - Level 20.1(27) Axes
 - Level 24.9(27) Maces & Flails
 - Level 17.7(20.9) Polearms
 O Level 27 Throwing
 O Level 27 Armour
 O Level 27 Dodging
 - Level 5.6 Stealth
 - Level 2.8 Shields
 O Level 27 Evocations
 + Level 26.3 Shapeshifting


You had 20 spell levels left.
You didn't know any spells.
Your spell library was empty.

Dungeon Overview and Level Annotations

Branches:
Dungeon (1/1)

Altars:
Ashenzari
Cheibriados
Dithmenos
Elyvilon
Fedhas
Gozag
Hepliaklqana
Kikubaaqudgha
Makhleb
Nemelex Xobeh
Okawaru
Qazlal
Ru
Sif Muna
Trog
Uskayaw
Vehumet
Wu Jian
Xom
Yredelemnul
Zin
The Shining One
Beogh
Jiyva
Lugonu

Annotations:
D exclusion: door


Innate Abilities, Weirdness & Mutations

You can wield a second weapon in your off-hand.
It takes a long time for you to wield or remove held weapons.
Your first few attacks do less damage.
You cannot equip rings or amulets.
You have a pair of small antennae on your head.
You have a somewhat thin skeletal structure. (Dex +2, Stealth+)
You are strong-willed. (Will+)


Message History

Things that are here:
a +2 demon trident of electrocution; a +0 plate armour; a +0 tower shield
There is a huge broken gate to the Vestibule (Extremely Hard), spattered with blood here.
There is a huge broken gate to the Vestibule (Extremely Hard) here.
Your extra speed is starting to run out.
Items here: )) = [ ÷.
Items here: ) [[ ÷.
Things that are here:
a +0 rapier; a +0 rapier; a +2 leather armour of willpower
There is a huge open gate to the Grid Vault (Hard), spattered with blood here.
Things that are here:
a +2 long sword of electrocution; a hydra skeleton; a black mamba skeleton
There is a huge open gate to the Main Hall (Safe), spattered with blood here.
You see here a +3 demon whip of electrocution.
You feel yourself slow down.
Things that are here:
a +0 short sword; a +0 short sword; a +0 leather armour
Items here: ))) [ ÷.
Items here: )) [[.
n - a +0 cloak
Things that are here:
a +0 glaive; a black draconian skeleton
There is a huge open gate to the Grid Vault (Hard) here.
Things that are here:
a +4 long sword of flaming; a +0 longbow; a +0 robe
There is a huge open gate to the Grid Vault (Hard), spattered with blood here.
Things that are here:
a +1 demon trident; a +0 chain mail A hellion comes into view.
Unknown command.
You feel yourself speed up.
Unknown command.
Okay, then.
There is an open door to the Entrance Hall (Safe) here.
Things that are here:
a +0 flail; an orc skeleton Blink to where?
Press: ? - help, Dir - move target
As you read the scroll of blinking, it crumbles to dust.
You have escaped!

##########.##..........)..)).')..
#.))........'...........)...))'..
#)#####)#####......#..#.)....##..
#)#..#..#..##.......)))2)...)##..
#.#..').').#####§#####''#########
#.##'####'###.......##''# ##### #
#.#.....†÷.##.......##..###...###
#.#........##.......##.).##...##.
#.#####'#####...@...###.).##)##..
#.#...)))..##.......# ##)..))....
#.#...)....##.......###÷)###'###.
#'###########.......##.)##.)...##
#.......#..###########.)')))....'
#...#...#.############.[##.)...##
#...#...#)#....#....###).###'###÷
#.##.##.#'#....#....# ##..)÷..÷..
#...#)..#)'....'==.)###...##'##..


There were no monsters in sight!

Vanquished Creatures
  Dissolution (D)
  2 orbs of fire (D)
  Frederick (D)
  An ancient lich (D)
  Mennas (D)
  Xtahua (D)
  A royal mummy (D)
  the Lernaean hydra (D)
  Margery (D)
  3 pandemonium lords (D)
  Saint Roka (D)
  2 curse toes (D)
  Geryon (D)
  4 pearl dragons (D)
  A profane servitor (D)
  2 bone dragons (D)
  Arachne (D)
  A golden dragon (D)
  Nikola (D)
  A Brimstone Fiend (D)
  26 Orb Guardians (D)
  3 electric golems (D)
  A hellephant (D)
  2 Ice Fiends (D)
  6 liches (D)
  3 deep elf blademasters (D)
  18 titans (D)
  3 sphinxes (D)
  A deep elf master archer (D)
  An Executioner (D)
  A death cob (D)
  Frances (D)
  6 shadow dragons (D)
  2 storm dragons (D)
  A nagaraja (D)
  16 fire giants (D)
  A draconian shifter (D)
  3 draconian knights (D)
  24 frost giants (D)
  A daeva (D)
  2 iron dragons (D)
  Louise (D)
  3 balrugs (D)
  A ghoul (D)
  A draconian scorcher (D)
  2 ghost moths (D)
  5 deep elf sorcerers (D)
  A cacodemon (D)
  A spriggan defender (D)
  An angel (D)
  A reaper (D)
  2 draconian annihilators (D)
  2 orc warlords (D)
  7 stone giants (D)
  An ophan (D)
  5 deep elf demonologists (D)
  An apis (D)
  4 dire elephants (D)
  A lorocyproca (D)
  A war gargoyle (D)
  A minotaur (D)
  4 black draconians (D)
  2 yellow draconians (D)
  2 red draconians (D)
  2 purple draconians (D)
  4 white draconians (D)
  A deep elf annihilator (D)
  A blizzard demon (D)
  7 ettins (D)
  A merfolk javelineer (D)
  6 fire dragons (D)
  2 green deaths (D)
  A mummy priest (D)
  A deep elf high priest (D)
  3 vault guards (D)
  Erolcha (D)
  11 hydras (D)
  2 great orbs of eyes (D)
  6 ice dragons (D)
  6 catoblepae (D)
  A spriggan air mage (D)
  A boulder beetle (D)
  2 merfolk aquamancers (D)
  A merfolk avatar (D)
  A hell beast (D)
  A death knight (D)
  An alligator snapping turtle (D)
  3 anacondas (D)
  A two-headed ogre (D)
  A demonic crawler (D)
  2 naga warriors (D)
  4 hell hogs (D)
  A vampire mage (D)
  2 spriggan berserkers (D)
  2 naga sharpshooters (D)
  2 soul eaters (D)
  7 hell knights (D)
  2 deep elf knights (D)
  2 sixfirhies (D)
  3 skeletal warriors (D)
  A deep troll (shapeshifter) (D)
  A fire crab (D)
  A sea snake (D)
  An iron troll (D)
  2 spriggan druids (D)
  An arcanist (D)
  2 flayed ghosts (D)
  4 cherubim (D)
  8 swamp dragons (D)
  3 lindwurms (D)
  14 orc knights (D)
  A deep elf zephyrmancer (D)
  2 necromancers (D)
  A phantasmal warrior (D)
  A deep elf pyromancer (D)
  A manticore (D)
  Maurice (D)
  An elephant (D)
  A moth of wrath (D)
  17 cyclopes (D)
  An orc sorcerer (D)
  A naga mage (D)
  A black mamba (D)
  A smoke demon (D)
  A guardian serpent (D)
  An orange demon (D)
  A gargoyle (D)
  3 kobold demonologists (D)
  3 rime drakes (D)
  5 komodo dragons (D)
  2 hellions (D)
  2 ice devils (D)
  A tormentor (D)
  A guardian mummy (D)
  Psyche (D)
  6 merfolk (D)
  A hornet (D)
  A tyrant leech (D)
  A wind drake (D)
  3 snapping turtles (D)
  A glass eye (D)
  An air elemental (D)
  A ynoxinul (D)
  Sigmund (D)
  3 spriggans (D)
  4 water elementals (D)
  6 slime creatures (D)
  A shadow (D)
  4 wyverns (D)
  A vampire (D)
  3 fire elementals (D)
  A fire bat (D)
  5 yaks (D)
  3 steam dragons (D)
  4 basilisks (D)
  2 vampire mosquitoes (D)
  7 redbacks (D)
  A chaos spawn (D)
  A warg (D)
  4 nagas (D)
  Duvessa (D)
  2 acid dragons (D)
  4 water moccasins (D)
  7 orc warriors (D)
  6 swamp drakes (D)
  2 laughing skulls (D)
  A wolf (D)
  A phantom (D)
  A kobold brigand (D)
  Blork the orc (D)
  A brain worm (D)
  5 wights (D)
  8 killer bees (D)
  Dowan (D)
  A crimson imp (D)
  4 orc priests (D)
  A hound (D)
  2 orc wizards (D)
  3 gnolls (D)
  A river rat (D)
  An ufetubus (D)
  An adder zombie (D)
  An adder skeleton (D)
  An adder simulacrum (D)
  14 orcs (D)
  A bat zombie (D)
  2 endoplasms (D)
  A giant cockroach (D)
  A goblin (D)
  A hobgoblin (D)
  5 kobolds (D)
  A ball python simulacrum (D)
  A ball python skeleton (D)
  A quokka simulacrum (D)
  A quokka zombie (D)
  3 rats (D)
539 creatures vanquished.

Vanquished Creatures (collateral kills)
  Tiamat (D)
  An ancient lich (D)
  2 pandemonium lords (D)
  A deep elf blademaster (D)
  2 sphinxes (D)
  An Executioner (D)
  A nagaraja (D)
  Aizul (D)
  A draconian shifter (D)
  A deep elf annihilator (D)
  A red draconian (D)
  A yellow draconian (D)
  A hydra (D)
  A catoblepas (D)
  A merfolk aquamancer (D)
  A hell knight (D)
  2 skeletal warriors (D)
  A hornet (D)
  2 water elementals (D)
  A brain worm (D)
  A gnoll bouda (D)
  A gnoll (D)
26 creatures vanquished.

Vanquished Creatures (others)
  A lich (D)
  A dire elephant (D)
  A merfolk impaler (D)
  2 water elementals (D)
  A gnoll (D)
  A bat skeleton (D)
7 creatures vanquished.

Grand Total: 572 creatures vanquished

Notes
Turn   | Place    | Note
-------+----------+-------------------------------------------
     0 | D        | Prakerore the Coglin Berserker began the quest for the Orb.
     0 | D        | Reached XP level 1. HP: 18/18 MP: 1/1
    55 | D        | Found a glowing golden altar of the Shining One.
    55 | D        | Found a glowing silver altar of Zin.
    55 | D        | Found a basalt altar of Yredelemnul.
    55 | D        | Found a shimmering altar of Xom.
    55 | D        | Found an ornate altar of the Wu Jian Council.
    55 | D        | Found a bloodstained altar of Trog.
    55 | D        | Found a shimmering blue altar of Sif Muna.
    55 | D        | Found a sacrificial altar of Ru.
    55 | D        | Found a stormy altar of Qazlal.
    55 | D        | Found an iron altar of Okawaru.
    55 | D        | Found a sparkling altar of Nemelex Xobeh.
    55 | D        | Found a burning altar of Makhleb.
    55 | D        | Found a viscous altar of Jiyva.
    55 | D        | Found a hazy altar of Hepliaklqana.
    55 | D        | Found an opulent altar of Gozag.
    55 | D        | Found a blossoming altar of Fedhas.
    55 | D        | Found a white marble altar of Elyvilon.
    55 | D        | Found a shadowy altar of Dithmenos.
    55 | D        | Found a snail-covered altar of Cheibriados.
    66 | D        | Reached ** piety under Trog
    67 | D        | Reached skill level 5 in Axes
    67 | D        | Reached XP level 2. HP: 23/24 MP: 2/2
   119 | D        | Noticed a crimson imp
   121 | D        | Reached *** piety under Trog
   123 | D        | Reached XP level 3. HP: 29/29 MP: 3/3
   124 | D        | Reached XP level 4. HP: 35/35 MP: 4/4
   239 | D        | Reached **** piety under Trog
   242 | D        | Reached XP level 5. HP: 31/41 MP: 5/5
   322 | D        | Noticed Dowan
   322 | D        | Noticed a phantom
   322 | D        | Noticed Duvessa
   342 | D        | Killed Dowan
   342 | D        | Reached ***** piety under Trog
   343 | D        | Reached XP level 6. HP: 38/47 MP: 6/6
   344 | D        | Reached skill level 10 in Polearms
   358 | D        | Killed Duvessa
   358 | D        | Received a gift from Trog
   477 | D        | Reached XP level 7. HP: 46/52 MP: 7/7
   514 | D        | Reached skill level 5 in Fighting
   547 | D        | Noticed Sigmund
   551 | D        | Killed Sigmund
   629 | D        | Noticed Blork the orc
   629 | D        | Noticed a fire bat
   632 | D        | Killed a fire bat
   632 | D        | Received a gift from Trog
   633 | D        | Reached XP level 8. HP: 56/67 MP: 8/8
   640 | D        | Killed Blork the orc
   712 | D        | Noticed a snapping turtle
   713 | D        | Noticed a snapping turtle
   817 | D        | Killed a snapping turtle
   878 | D        | Killed a snapping turtle
  1048 | D        | Reached skill level 1 in Stealth
  1088 | D        | Received a gift from Trog
  1101 | D        | Noticed a kobold demonologist
  1109 | D        | Killed a kobold demonologist
  1110 | D        | Reached skill level 5 in Stealth
  1110 | D        | Reached XP level 9. HP: 74/74 MP: 9/9
  1133 | D        | Noticed a kobold demonologist
  1138 | D        | Noticed a hornet
  1139 | D        | Noticed a soul eater
  1139 | D        | Killed a kobold demonologist
  1140 | D        | Noticed a kobold demonologist
  1153 | D        | Killed a hornet
  1154 | D        | Reached skill level 10 in Axes
  1163 | D        | Noticed a boulder beetle
  1166 | D        | Noticed a deep elf pyromancer
  1173 | D        | Noticed a flayed ghost
  1174 | D        | Reached ****** piety under Trog
  1181 | D        | Killed a deep elf pyromancer
  1181 | D        | Received a gift from Trog
  1184 | D        | Killed a boulder beetle
  1185 | D        | Reached XP level 10. HP: 70/80 MP: 10/10
  1187 | D        | Reached skill level 1 in Throwing
  1188 | D        | Noticed a sea snake
  1192 | D        | Noticed an orc knight
  1199 | D        | Killed a flayed ghost
  1199 | D        | Received a gift from Trog
  1200 | D        | Reached skill level 5 in Throwing
  1202 | D        | Killed a kobold demonologist
  1319 | D        | Killed a sea snake
  1319 | D        | Received a gift from Trog
  1355 | D        | Noticed Maurice
  1360 | D        | Killed Maurice
  1361 | D        | Reached skill level 10 in Fighting
  1386 | D        | Noticed a gargoyle
  1396 | D        | Killed a gargoyle
  1397 | D        | Reached skill level 5 in Evocations
  1403 | D        | Killed an orc knight
  1435 | D        | Reached XP level 11. HP: 67/90 MP: 11/11
  1443 | D        | Reached skill level 10 in Evocations
  1450 | D        | Received a gift from Trog
  1603 | D        | Noticed a six-headed hydra
  1622 | D        | Killed a six-headed hydra
  1627 | D        | Identified the serpent talisman of the Moon {Int+4 Stlth+}
  1627 | D        | Noticed Aizul
  1633 | D        | Killed Aizul
  1633 | D        | Received a gift from Trog
  1767 | D        | Reached skill level 10 in Dodging
  1819 | D        | Noticed a cyclops
  1832 | D        | Noticed a manticore
  1834 | D        | Received a gift from Trog
  1843 | D        | Killed a cyclops
  1889 | D        | Killed a manticore
  1909 | D        | Noticed a deep elf zephyrmancer
  1912 | D        | Noticed a cyclops
  1921 | D        | Killed a cyclops
  1922 | D        | Reached skill level 15 in Axes
  1937 | D        | Killed a deep elf zephyrmancer
  1937 | D        | Received a gift from Trog
  2014 | D        | Acquired a manual of Throwing
  2060 | D        | Noticed Psyche
  2072 | D        | Killed Psyche
  2157 | D        | Received a gift from Trog
  2311 | D        | Noticed a catoblepas
  2313 | D        | Noticed a merfolk aquamancer
  2361 | D        | Killed a merfolk aquamancer
  2361 | D        | Received a gift from Trog
  2362 | D        | Reached XP level 12. HP: 105/105 MP: 12/12
  2362 | D        | Killed a catoblepas
  2548 | D        | Noticed an orc warlord
  2548 | D        | Noticed an orc warlord
  2588 | D        | Received a gift from Trog
  2605 | D        | Noticed a naga warrior
  2606 | D        | Noticed a vault guard
  2628 | D        | Killed a naga warrior
  2629 | D        | Reached skill level 15 in Fighting
  2646 | D        | Killed a vault guard
  2753 | D        | Noticed a naga sharpshooter
  2754 | D        | Noticed a death knight
  2784 | D        | Killed a naga sharpshooter
  2844 | D        | Killed a death knight
  2844 | D        | Received a gift from Trog
  2932 | D        | Reached skill level 10 in Armour
  2972 | D        | Killed an orc warlord
  3056 | D        | Noticed a vault guard
  3062 | D        | Killed a vault guard
  3082 | D        | Noticed a deep elf knight
  3097 | D        | Received a gift from Trog
  3135 | D        | Noticed a naga sharpshooter
  3160 | D        | Killed a naga sharpshooter
  3291 | D        | Reached XP level 13. HP: 54/116 MP: 13/13
  3549 | D        | Received a gift from Trog
  3624 | D        | Killed an orc warlord
  3936 | D        | Received a gift from Trog
  3960 | D        | Noticed a frost giant
  3975 | D        | Killed a frost giant
  4098 | D        | Noticed a vault guard
  4102 | D        | Killed a vault guard
  4174 | D        | Got the +7 fire dragon scales of the Elven Halls {Rampage
                  | rF++ rC- Str+3}
  4221 | D        | Noticed Erolcha
  4236 | D        | Received a gift from Trog
  4253 | D        | Killed Erolcha
  4397 | D        | Noticed a great orb of eyes
  4402 | D        | Received a gift from Trog
  4483 | D        | Killed a great orb of eyes
  4566 | D        | Received a gift from Trog
  4572 | D        | Reached skill level 15 in Dodging
  4676 | D        | Received a gift from Trog
  4760 | D        | Noticed a stone giant
  4774 | D        | Killed a stone giant
  4778 | D        | Noticed a great orb of eyes
  4779 | D        | Reached XP level 14. HP: 135/135 MP: 14/14
  4921 | D        | Received a gift from Trog
  5174 | D        | Noticed a deep elf annihilator
  5176 | D        | Acquired a reticulated ramjet {Rampage Acrobat rElec rF+}
  5178 | D        | Noticed a deep elf sorcerer
  5181 | D        | Killed a deep elf annihilator
  5181 | D        | Received a gift from Trog
  5184 | D        | Killed a deep elf sorcerer
  5185 | D        | Noticed a deep elf sorcerer
  5188 | D        | Noticed a sphinx
  5206 | D        | Killed a sphinx
  5213 | D        | Noticed a purple draconian
  5213 | D        | Noticed a deep elf sorcerer
  5226 | D        | Noticed Frances
  5226 | D        | Noticed a sphinx
  5226 | D        | Noticed a nagaraja
  5252 | D        | Killed Frances
  5326 | D        | Noticed an ancient lich
  5333 | D        | Killed an ancient lich
  5335 | D        | Noticed a purple draconian shifter
  5341 | D        | Killed a purple draconian shifter
  5354 | D        | Noticed a sphinx
  5357 | D        | Noticed a deep elf demonologist
  5360 | D        | Killed a sphinx
  5360 | D        | Identified the +3 hand axe "Inaetir" {heavy, *Slow rC+
                  | SInv} (Trog gifted it to you in the Dungeon)
  5360 | D        | Received a gift from Trog
  5365 | D        | Killed a deep elf demonologist
  5370 | D        | Killed a deep elf sorcerer
  5370 | D        | Noticed a deep elf annihilator
  5386 | D        | Killed a deep elf annihilator
  5388 | D        | Killed a nagaraja
  5388 | D        | Identified the +2 war axe of Diseruli {heavy, Will+} (Trog
                  | gifted it to you in the Dungeon)
  5388 | D        | Received a gift from Trog
  5541 | D        | Noticed a sphinx
  5697 | D        | Killed a sphinx
  5718 | D        | Received a gift from Trog
  5722 | D        | Killed a sphinx
  5731 | D        | Killed a purple draconian
  5886 | D        | Killed a deep elf sorcerer
  6033 | D        | Noticed a deep elf demonologist
  6037 | D        | Noticed a lich
  6041 | D        | Killed a lich
  6106 | D        | Reached XP level 15. HP: 60/141 MP: 15/15
  6109 | D        | Received a gift from Trog
  6110 | D        | Reached skill level 10 in Throwing
  6444 | D        | Received a gift from Trog
  6564 | D        | Noticed a sphinx
  6564 | D        | Noticed a deep elf sorcerer
  6571 | D        | Killed a deep elf sorcerer
  6578 | D        | Killed a sphinx
  6938 | D        | Received a gift from Trog
  7134 | D        | Received a gift from Trog
  7135 | D        | Reached skill level 27 in Evocations
  7161 | D        | Noticed a fire giant
  7176 | D        | Killed a fire giant
  7176 | D        | Received a gift from Trog
  7232 | D        | Noticed Saint Roka
  7343 | D        | Noticed a profane servitor
  7365 | D        | Killed a profane servitor
  7484 | D        | Noticed Arachne
  7495 | D        | Killed Arachne
  7495 | D        | Received a gift from Trog
  7629 | D        | Killed Saint Roka
  7629 | D        | Received a gift from Trog
  7838 | D        | Killed a ghost moth
  7859 | D        | Received a gift from Trog
  7956 | D        | Identified the +9 rapier of Tag Faim {venom, Dex+4 Stlth+}
  8060 | D        | Identified the +1 executioner's axe "Mapeest" {freeze,
                  | *Slow rPois Will- Str+5}
  8060 | D        | Identified the ring "Figua" {Fire ^Drain rCorr MP+9 Str-5}
  8092 | D        | Received a gift from Trog
  8098 | D        | Noticed a deep elf blademaster
  8118 | D        | Killed a deep elf blademaster
  8237 | D        | Identified the +7 broad axe of Moral Flaws {venom, rC+++
                  | Will+ Int-2}
  8270 | D        | Received a gift from Trog
  8272 | D        | Noticed a frost giant
  8280 | D        | Killed a frost giant
  8350 | D        | Received a gift from Trog
  8351 | D        | Reached XP level 16. HP: 145/157 MP: 16/16
  8519 | D        | Noticed a death cob
  8520 | D        | Noticed an Executioner
  8523 | D        | Noticed a deep elf blademaster
  8529 | D        | Killed an Executioner
  8532 | D        | Killed a deep elf blademaster
  8535 | D        | Killed a death cob
  8535 | D        | Received a gift from Trog
  8823 | D        | Found the +8 frozen axe "Frostbite" {freeze, freezing
                  | cloud, *Noise Fly rC+}
  8939 | D        | Found the +2 shield of Resistance {rF++ rC++ Will++}
  8939 | D        | Noticed a golden dragon
  8982 | D        | Received a gift from Trog
  9017 | D        | Reached skill level 15 in Armour
  9025 | D        | Received a gift from Trog
  9049 | D        | Received a gift from Trog
  9166 | D        | Received a gift from Trog
  9188 | D        | Killed a golden dragon
  9230 | D        | Received a gift from Trog
  9305 | D        | Received a gift from Trog
  9397 | D        | Received a gift from Trog
  9426 | D        | Received a gift from Trog
  9583 | D        | Got a silver rune of Zot
  9731 | D        | Noticed a titan
  9736 | D        | Killed a titan
  9758 | D        | Noticed a hellephant
  9766 | D        | Killed a hellephant
  9767 | D        | Reached skill level 27 in Fighting
  9902 | D        | Noticed a lich
  9904 | D        | Killed a lich
  9905 | D        | Reached XP level 17. HP: 174/174 MP: 17/17
  9907 | D        | Received a gift from Trog
  9909 | D        | Noticed a bone dragon
  9909 | D        | Noticed an Executioner
  9909 | D        | Noticed an electric golem
  9909 | D        | Noticed a bone dragon
  9928 | D        | Killed an electric golem
 10025 | D        | Killed an Executioner
 10036 | D        | Killed a bone dragon
 10068 | D        | Received a gift from Trog
 10410 | D        | Noticed a pearl dragon
 10417 | D        | Killed a pearl dragon
 10468 | D        | Received a gift from Trog
 10749 | D        | Noticed an Ice Fiend
 10754 | D        | Killed an Ice Fiend
 10787 | D        | Noticed Margery
 10800 | D        | Killed Margery
 10801 | D        | Reached skill level 15 in Throwing
 11001 | D        | Received a gift from Trog
 11042 | D        | Killed a bone dragon
 11258 | D        | Received a gift from Trog
 11267 | D        | Noticed a deep elf master archer
 11278 | D        | Killed a deep elf master archer
 11482 | D        | Received a gift from Trog
 11506 | D        | Received a gift from Trog
 11603 | D        | Noticed an orb of fire
 11621 | D        | Killed an orb of fire
 11625 | D        | Identified the +9 hand axe of Miuden {heavy, rC+ Dex+2}
                  | (Trog gifted it to you in the Dungeon)
 11625 | D        | Received a gift from Trog
 11805 | D        | Noticed an ancient lich
 11809 | D        | Noticed a curse toe
 11862 | D        | Killed an ancient lich
 11863 | D        | Reached skill level 15 in Polearms
 11863 | D        | Reached XP level 18. HP: 182/182 MP: 18/18
 11961 | D        | Received a gift from Trog
 12166 | D        | Noticed Dissolution
 12192 | D        | Killed a curse toe
 12213 | D        | Received a gift from Trog
 12216 | D        | Killed Dissolution
 12517 | D        | Noticed a deep elf blademaster
 12520 | D        | Killed a deep elf blademaster
 12520 | D        | Received a gift from Trog
 12638 | D        | Found the +2 hood of the Assassin {Detect Stab+ Stlth++}
 12664 | D        | Got the +2 helmet of Weak Curiosity {Rampage rElec rC+}
 12694 | D        | Got the +7 demon whip "Quockurgh" {drain, rN+ rCorr Dex+2}
 12780 | D        | Noticed the 27-headed Lernaean hydra
 12784 | D        | Killed the 27-headed Lernaean hydra
 12784 | D        | Received a gift from Trog
 12843 | D        | Noticed Nikola
 12847 | D        | Killed Nikola
 12848 | D        | Reached skill level 10 in Maces & Flails
 12908 | D        | Found the +4 dragonskin cloak
 12908 | D        | Noticed Tiamat
 12925 | D        | Killed Tiamat
 13219 | D        | Noticed a lich
 13225 | D        | Killed a lich
 13225 | D        | Received a gift from Trog
 13231 | D        | Reached skill level 15 in Maces & Flails
 13236 | D        | Noticed a titan
 13241 | D        | Killed a titan
 13349 | D        | Noticed an electric golem
 13359 | D        | Gained mutation: Your body sometimes deteriorates upon
                  | taking damage. [a cacodemon]
 13361 | D        | Killed an electric golem
 13401 | D        | Noticed a lich
 13404 | D        | Killed a lich
 13404 | D        | Received a gift from Trog
 13421 | D        | Noticed a lich
 13427 | D        | Killed a lich
 13430 | D        | Noticed an orb of fire
 13497 | D        | Found the +8 storm bow {elec, penet}
 13497 | D        | Noticed a titan
 13497 | D        | Noticed a titan
 13497 | D        | Noticed a titan
 13497 | D        | Noticed a titan
 13524 | D        | Received a gift from Trog
 13530 | D        | Killed a titan
 13543 | D        | Identified the +5 morningstar of Cataclysm {protect, Str+3
                  | Int+2 Stlth+}
 13545 | D        | Received a gift from Trog
 13557 | D        | Received a gift from Trog
 13561 | D        | Killed a titan
 13677 | D        | Received a gift from Trog
 13723 | D        | Killed a titan
 13723 | D        | Received a gift from Trog
 13726 | D        | Noticed a titan
 13750 | D        | Killed a titan
 13753 | D        | Reached XP level 19. HP: 144/189 MP: 19/19
 13770 | D        | Received a gift from Trog
 13857 | D        | Received a gift from Trog
 13994 | D        | Received a gift from Trog
 14041 | D        | Received a gift from Trog
 14048 | D        | Received a gift from Trog
 14140 | D        | Received a gift from Trog
 14292 | D        | Received a gift from Trog
 14313 | D        | Received a gift from Trog
 14322 | D        | Received a gift from Trog
 14374 | D        | Received a gift from Trog
 14492 | D        | Received a gift from Trog
 14675 | D        | Received a gift from Trog
 14762 | D        | Got a golden rune of Zot
 15022 | D        | Received a gift from Trog
 15194 | D        | Noticed Louise
 15208 | D        | Received a gift from Trog
 15340 | D        | Killed Louise
 15373 | D        | Noticed Acaow the pandemonium lord
 15385 | D        | Reached XP level 20. HP: 188/197 MP: 20/20
 15516 | D        | Killed Acaow the pandemonium lord
 15516 | D        | Received a gift from Trog
 15597 | D        | Identified the +7 morningstar of Hoqe Yrr {flame, rElec rF+
                  | Dex+2} (Trog gifted it to you in the Dungeon)
 15597 | D        | Received a gift from Trog
 15621 | D        | Noticed Mennas
 15635 | D        | Reached skill level 27 in Throwing
 15711 | D        | Killed Mennas
 15711 | D        | Received a gift from Trog
 15820 | D        | Reached skill level 27 in Armour
 15851 | D        | Reached skill level 27 in Dodging
 15855 | D        | Noticed a pearl dragon
 15855 | D        | Noticed Fysokk the pandemonium lord
 15855 | D        | Noticed a pearl dragon
 15869 | D        | Noticed an electric golem
 15880 | D        | Received a gift from Trog
 15881 | D        | Reached skill level 5 in Shapeshifting
 15919 | D        | Killed an electric golem
 16123 | D        | Found a radiant altar of Vehumet.
 16123 | D        | Found a corrupted altar of Lugonu.
 16123 | D        | Found a roughly hewn altar of Beogh.
 16124 | D        | Found a hide-covered altar of Uskayaw.
 16124 | D        | Found an ancient bone altar of Kikubaaqudgha.
 16124 | D        | Found a broken altar of Ashenzari.
 16192 | D        | Noticed a royal mummy
 16197 | D        | Killed a pearl dragon
 16207 | D        | Killed a royal mummy
 16207 | D        | Received a gift from Trog
 16491 | D        | Noticed Xtahua
 16491 | D        | Noticed a curse toe
 16515 | D        | Noticed Geryon
 16528 | D        | Killed Geryon
 16529 | D        | Noticed a pearl dragon
 16534 | D        | Killed a pearl dragon
 16542 | D        | Killed a pearl dragon
 16542 | D        | Received a gift from Trog
 16577 | D        | Killed a curse toe
 16578 | D        | Reached skill level 15 in Shapeshifting
 16582 | D        | Noticed Lacamug the pandemonium lord
 16641 | D        | Killed Xtahua
 16684 | D        | Noticed Leviypt the pandemonium lord
 16710 | D        | Killed Leviypt the pandemonium lord
 16753 | D        | Received a gift from Trog
 16821 | D        | Killed Fysokk the pandemonium lord
 16927 | D        | Noticed a Brimstone Fiend
 16934 | D        | Killed a Brimstone Fiend
 16941 | D        | Received a gift from Trog
 16945 | D        | Killed Lacamug the pandemonium lord
 17118 | D        | Received a gift from Trog
 17120 | D        | Noticed Girado the pandemonium lord
 17120 | D        | Identified the orb "Oriloyle" {*channel, Int+3 Earth}
 17120 | D        | Noticed Frederick
 17126 | D        | Reached XP level 21. HP: 204/204 MP: 21/21
 17128 | D        | Identified the +6 mace of the Seven Loafs {flame, SInv}
                  | (Trog gifted it to you in the Dungeon)
 17128 | D        | Received a gift from Trog
 17129 | D        | Noticed an orb of fire
 17163 | D        | Killed Girado the pandemonium lord
 17417 | D        | Gained mutation: Your body often deteriorates upon taking
                  | damage. [an orb of fire]
 17425 | D        | Killed an orb of fire
 17434 | D        | Lost mutation: Your body often deteriorates upon taking
                  | damage. [potion of mutation]
 17434 | D        | Lost mutation: Your body sometimes deteriorates upon taking
                  | damage. [potion of mutation]
 17434 | D        | Gained mutation: You have a pair of small antennae on your
                  | head. [potion of mutation]
 17434 | D        | Gained mutation: You are strong-willed. (Will+) [potion of
                  | mutation]
 17434 | D        | Gained mutation: You have a somewhat thin skeletal
                  | structure. (Dex +2, Stealth+) [potion of mutation]
 17486 | D        | Killed Frederick
 17486 | D        | Received a gift from Trog
 17843 | D        | Got the Orb of Zot
 17925 | D        | Escaped with the Orb!

Illustrated notes

Levels and vault maps discovered:
D:        pitsprint [storerooms_1, entrance_room_1, metal_vault_5, armoury_1,
          mini_pit_1, grid_room_1, main_hall_1, silver_pit, the_coven_3,
          the_vestibule_1, steel_vault_2, golden_pit, hallway_of_sentries,
          crystal_vault_4, iron_vault_3, final_vault]

Skill      XL: |  1  2  3  4  5  6  7  8  9 10 11 12 13 14 15 16 17 18 19 20 21 |
---------------+----------------------------------------------------------------+-----
Axes           | 5 6 9 13 14 16 20 | 20.1
Polearms       | 2 4 8 9 12 15 17 | 17.7
Armour         | 3 6 11 12 14 19 22 25 27 | 27.0
Fighting       | 7 8 10 13 16 20 23 27 | 27.0
Dodging        | 4 6 11 12 16 18 20 22 26 27 | 27.0
Stealth        | 5 |  5.6
Throwing       | 6 9 12 16 26 27 | 27.0
Evocations     | 9 10 23 27 | 27.0
Shields        | 2 |  2.8
Maces & Flails | 22 24 | 24.9
Shapeshifting  | 23 26 | 26.3

Action                     |  1- 3 |  4- 6 |  7- 9 | 10-12 | 13-15 | 16-18 | 19-21 || total
---------------------------+-------+-------+-------+-------+-------+-------+-------++-------
  Melee: Trident           |     9 |    31 |    46 |    16 |       |       |       ||   102
         Hand axe          |     6 |    21 |       |       |       |       |       ||    27
         War axe           |       |     2 |    19 |       |       |       |       ||    21
         Broad axe         |       |       |    21 |   145 |   308 |   464 |   445 ||  1383
         Demon trident     |       |       |       |   173 |   372 |   446 |       ||   991
         Demon whip        |       |       |       |       |       |   125 |   437 ||   562
  Throw: Dart              |       |       |       |     1 |     1 |       |       ||     2
         Javelin           |       |       |       |       |       |       |     1 ||     1
 Invoke: Berserk           |     2 |     2 |     2 |     3 |    14 |    13 |     8 ||    44
         Trog's Hand       |       |       |     1 |     1 |     4 |       |     1 ||     7
         Brothers in Arms  |       |       |     1 |     2 |    12 |     9 |     4 ||    28
Ability: Invent Gizmo      |       |       |       |       |     1 |       |       ||     1
  Evoke: Phantom mirror    |       |       |       |       |       |       |     3 ||     3
         Horn of Geryon    |       |       |       |       |       |       |     1 ||     1
         Box of beasts     |       |       |       |       |       |       |     1 ||     1
    Use: Potion            |       |       |     4 |     2 |     5 |     2 |     8 ||    21
         Scroll            |       |       |       |     1 |     1 |    10 |     6 ||    18
   Stab: Sleeping          |     1 |       |       |     1 |       |    12 |       ||    14
         Invisible         |       |       |     3 |     9 |     1 |       |       ||    13
         Distracted        |       |       |       |       |     6 |     2 |     4 ||    12
         Petrified         |       |       |       |       |     3 |    16 |       ||    19
         Petrifying        |       |       |       |       |       |     7 |       ||     7
 Armour: Animal skin       |     4 |       |       |       |       |       |       ||     4
         Plate armour      |       |    18 |    22 |    20 |    34 |       |       ||    94
         Scale mail        |       |       |    22 |    62 |       |       |       ||    84
         Swamp dragon scal |       |       |       |       |   194 |    50 |       ||   244
         Fire dragon scale |       |       |       |       |       |   326 |   259 ||   585
         Skin              |       |       |       |       |       |       |    49 ||    49
  Dodge: Dodged            |     5 |     5 |    23 |    57 |   213 |   418 |   274 ||   995

Table legend: (Time is in decaauts) A = Elapsed time spent in this place. B = Non-inter-level travel time spent in this place. C = Inter-level travel time spent in this place. D = Time resting spent in this place. E = Time spent auto-exploring this place. F = Levels seen in this place. G = Mean time per level. A B C D E F G +--------+--------+--------+--------+--------+-----+--------+ Total | 17808 | 16813 | 995 | 5475 | 5649 | 1 | 17808.0 | Dungeon | 17808 | 16813 | 995 | 5475 | 5649 | 1 | 17808.0 | +--------+--------+--------+--------+--------+-----+--------+

Top non-repeatable levels by time:
       D: 17808 daAuts
